3AAA
NAPERVILLE BATTLEKINGS @ SIOUX FALLS RED PANDAS
07/29/2026
 
TOP OF THE 1ST
Naperville Battlekings batting - Pitching for Sioux Falls Red Pandas : RHP Ryan Davis
Pitching: RHP Ryan Davis
Batting: LHB Ricardo Collazo 0-0: Ball
1-0: Foul Ball, location: 2F
1-1: DOUBLE (Line Drive, 9D)
Batting: LHB Stanley Belote 0-0: Ball
1-0: Called Strike
1-1: Fly out, F5 (Popup, 56)
Batting: SHB Lupo Cotto 0-0: Ball
1-0: Called Strike
1-1: Ball
2-1: Foul Ball, location: 2F
2-2: Ball
3-2: Base on Balls
Batting: RHB Jorge Baker 0-0: Ball
1-0: Foul Ball, location: 2F
1-1: Ball
2-1: Ball
3-1: Foul Ball, location: 2F
3-2: DOUBLE (Flyball, 7D)
Ricardo Collazo scores
Lupo Cotto to third
Runner from 3rd tries for Home, SAFE, no throw
Batting: LHB Naohiro Sakai 0-0: Ground out 4-3 (Groundball, 4)
Jorge Baker to third
Batting: RHB António Guzmán 0-0: Swinging Strike
0-1: Foul Ball, location: 2F
0-2: Fly out, F7 (Flyball, 7S)
Top of the 1st over - 2 run(s), 2 hit(s), 0 error(s), 1 left on base; Naperville 2 - Sioux Falls 0
BOTTOM OF THE 1ST
Sioux Falls Red Pandas batting - Pitching for Naperville Battlekings : RHP Eric Newell
Pitching: RHP Eric Newell
Batting: RHB Ralph McKnight 0-0: Ball
1-0: Foul Ball, location: 2F
1-1: Called Strike
1-2: Ball
2-2: Ball
3-2: Ground out 6-3 (Groundball, 6)
Batting: RHB Gaston Waller 0-0: Swinging Strike
0-1: Ball
1-1: Ball
2-1: Ball
3-1: Base on Balls
Batting: RHB Carlos Ortega 0-0: Ball
1-0: Ball
2-0: Foul Ball, location: 2F
2-1: Ball
3-1: Base on Balls
Gaston Waller to second
Batting: LHB Magali Lenidas 0-0: Called Strike
0-1: Foul Ball, location: 2F
0-2: Grounds into double play, 6-4-3 (Groundball, 6)
Bottom of the 1st over - 0 run(s), 0 hit(s), 0 error(s), 1 left on base; Naperville 2 - Sioux Falls 0
TOP OF THE 2ND
Naperville Battlekings batting - Pitching for Sioux Falls Red Pandas : RHP Ryan Davis
Batting: RHB Jay Hood 0-0: Ball
1-0: DOUBLE (Line Drive, 78D)
Batting: RHB Álex Rodríguez 0-0: Foul Ball, location: 2F
0-1: Ball
1-1: Foul Ball, location: 2F
1-2: SINGLE (Groundball, 56S) (infield hit)
Jay Hood to third
Batting: RHB Jimmy Dawson 0-0: Ball
1-0: DOUBLE (Flyball, 78D)
Jay Hood scores
Álex Rodríguez to third
Batting: LHB Ricardo Collazo 0-0: Foul Ball, location: 2F
0-1: Swinging Strike
0-2: Foul Ball, location: 2F
0-2: Ball
1-2: SINGLE (Flyball, 7LM)
Álex Rodríguez scores
Jimmy Dawson to third
Runner from 3rd tries for Home, SAFE, no throw
Batting: LHB Stanley Belote 0-0: Swinging Strike
0-1: Ball
1-1: Ball
Ricardo Collazo steals 2nd base
2-1: Ball
3-1: Called Strike
Ricardo Collazo is caught stealing 3rd base
3-2: Reached on error, E3 (Groundball, 34S)
Pitching: RHP Orlando Ángel
Batting: SHB Lupo Cotto 0-0: Foul Ball, location: 2F
0-1: Ball
1-1: Ball
2-1: Foul Ball, location: 2F
2-2: SINGLE (Groundball, 34) (infield hit)
Stanley Belote to second
Batting: RHB Jorge Baker 0-0: Called Strike
0-1: Called Strike
0-2: Foul Ball, location: 2F
0-2: Ball
1-2: Fly out, F4 (Popup, 4)
Batting: LHB Naohiro Sakai 0-0: Fly out, F7 (Flyball, 78S)
Top of the 2nd over - 3 run(s), 5 hit(s), 1 error(s), 2 left on base; Naperville 5 - Sioux Falls 0
BOTTOM OF THE 2ND
Sioux Falls Red Pandas batting - Pitching for Naperville Battlekings : RHP Eric Newell
Batting: RHB Takanibu Yokoyama 0-0: Called Strike
0-1: Foul Ball, location: 2F
0-2: Ball
1-2: Ground out 6-3 (Groundball, 6)
Batting: RHB Dong-po Tien 0-0: Ball
1-0: Called Strike
1-1: Fly out, F8 (Flyball, 8RM)
Batting: SHB Carlos Schultz 0-0: Ball
1-0: Foul Ball, location: 2F
1-1: Swinging Strike
1-2: Strikes out swinging
Bottom of the 2nd over - 0 run(s), 0 hit(s), 0 error(s), 0 left on base; Naperville 5 - Sioux Falls 0
TOP OF THE 3RD
Naperville Battlekings batting - Pitching for Sioux Falls Red Pandas : RHP Orlando Ángel
Batting: RHB António Guzmán 0-0: Ball
1-0: Foul Ball, location: 2F
1-1: Ball
2-1: Foul Ball, location: 2F
2-2: Strikes out looking
Batting: RHB Jay Hood 0-0: Ball
1-0: Foul Ball, location: 2F
1-1: Called Strike
1-2: Strikes out looking
Batting: RHB Álex Rodríguez 0-0: Ball
1-0: Ball
2-0: Foul Ball, location: 2F
2-1: Fly out, F8 (Flyball, 8LD)
Top of the 3rd over - 0 run(s), 0 hit(s), 0 error(s), 0 left on base; Naperville 5 - Sioux Falls 0
BOTTOM OF THE 3RD
Sioux Falls Red Pandas batting - Pitching for Naperville Battlekings : RHP Eric Newell
Batting: LHB José Pacheco 0-0: Swinging Strike
0-1: Swinging Strike
0-2: Fly out, F8 (Flyball, 8RS)
Batting: LHB Armando Becerra 0-0: SOLO HOME RUN (Flyball, 9D), Distance : 408 ft
Batting: RHB Ralph McKnight 0-0: Ball
1-0: Ball
2-0: Called Strike
2-1: Ball
3-1: Fly out, F8 (Flyball, 8RS)
Batting: RHB Gaston Waller 0-0: Ball
1-0: Called Strike
1-1: Called Strike
1-2: Strikes out swinging
Bottom of the 3rd over - 1 run(s), 1 hit(s), 0 error(s), 0 left on base; Naperville 5 - Sioux Falls 1
TOP OF THE 4TH
Naperville Battlekings batting - Pitching for Sioux Falls Red Pandas : RHP Orlando Ángel
Batting: RHB Jimmy Dawson 0-0: Ball
1-0: Foul Ball, location: 2F
1-1: Called Strike
1-2: Ball
2-2: Ball
3-2: Ground out 6-3 (Groundball, 6)
Pitching: RHP Carlos Guzmán
Batting: LHB Ricardo Collazo 0-0: Swinging Strike
0-1: Swinging Strike
0-2: Ball
1-2: SINGLE (Line Drive, 89S)
Batting: LHB Stanley Belote 0-0: Ball
1-0: Called Strike
1-1: Ball
2-1: Called Strike
2-2: Ball
3-2: Foul Ball, location: 2F
3-2: SINGLE (Groundball, 34D)
Ricardo Collazo to second
Runner from 2nd tries for 3rd, SAFE, throw made to third
Batting: SHB Lupo Cotto 0-0: Called Strike
0-1: Foul Ball, location: 2F
0-2: Ball
1-2: Ball
2-2: SINGLE (Groundball, 34D)
Ricardo Collazo scores
Stanley Belote to second
Runner from 2nd tries for 3rd, SAFE, no throw
Batting: RHB Jorge Baker 0-0: Ball
Lupo Cotto is caught stealing 2nd base
1-0: Called Strike
1-1: Ground out 6-3 (Groundball, 6S)
Top of the 4th over - 1 run(s), 3 hit(s), 0 error(s), 1 left on base; Naperville 6 - Sioux Falls 1
BOTTOM OF THE 4TH
Sioux Falls Red Pandas batting - Pitching for Naperville Battlekings : RHP Eric Newell
Batting: RHB Carlos Ortega 0-0: Called Strike
0-1: Swinging Strike
0-2: Foul Ball, location: 2F
0-2: Ball
1-2: Fly out, F9 (Flyball, 9D)
Batting: LHB Magali Lenidas 0-0: Ground out U3 (Groundball, 34)
Batting: RHB Takanibu Yokoyama 0-0: Ball
1-0: Fly out, F9 (Flyball, 9S)
Bottom of the 4th over - 0 run(s), 0 hit(s), 0 error(s), 0 left on base; Naperville 6 - Sioux Falls 1
TOP OF THE 5TH
Naperville Battlekings batting - Pitching for Sioux Falls Red Pandas : RHP Carlos Guzmán
Batting: LHB Naohiro Sakai 0-0: Ball
1-0: Ball
2-0: Called Strike
2-1: Ground out 4-3 (Groundball, 4)
Batting: RHB António Guzmán 0-0: Ball
1-0: Fly out, F8 (Flyball, 8LM)
Batting: RHB Jay Hood 0-0: Called Strike
0-1: Ground out U3 (Groundball, 34)
Top of the 5th over - 0 run(s), 0 hit(s), 0 error(s), 0 left on base; Naperville 6 - Sioux Falls 1
BOTTOM OF THE 5TH
Sioux Falls Red Pandas batting - Pitching for Naperville Battlekings : RHP Eric Newell
Batting: RHB Dong-po Tien 0-0: Ball
1-0: Fly out, F9 (Flyball, 9S)
Batting: SHB Carlos Schultz 0-0: Fly out, F6 (Flyball, 6MD)
Batting: LHB José Pacheco 0-0: Ball
1-0: Ball
2-0: Ball
3-0: Called Strike
3-1: Foul Ball, location: 2F
3-2: Fly out, F8 (Flyball, 8LM)
Bottom of the 5th over - 0 run(s), 0 hit(s), 0 error(s), 0 left on base; Naperville 6 - Sioux Falls 1
TOP OF THE 6TH
Naperville Battlekings batting - Pitching for Sioux Falls Red Pandas : RHP Carlos Guzmán
Batting: RHB Álex Rodríguez 0-0: Foul Ball, location: 2F
0-1: Ball
1-1: Ball
2-1: Fly out, F7 (Flyball, 7)
Pitching: LHP Vincent Bannon
Batting: RHB Jimmy Dawson 0-0: Ball
1-0: Foul Ball, location: 2F
1-1: Called Strike
1-2: Strikes out looking
Batting: LHB Ricardo Collazo 0-0: Foul Ball, location: 2F
0-1: Ball
1-1: Fly out, F7 (Flyball, 78S)
Top of the 6th over - 0 run(s), 0 hit(s), 0 error(s), 0 left on base; Naperville 6 - Sioux Falls 1
BOTTOM OF THE 6TH
Sioux Falls Red Pandas batting - Pitching for Naperville Battlekings : RHP Eric Newell
Batting: LHB Armando Becerra 0-0: Foul Ball, location: 2F
0-1: Swinging Strike
0-2: Strikes out swinging
Batting: RHB Ralph McKnight 0-0: Ball
1-0: Foul Ball, location: 2F
1-1: Fly out, F8 (Flyball, 8LM)
Batting: RHB Gaston Waller 0-0: Called Strike
0-1: Foul Ball, location: 2F
0-2: Foul Ball, location: 2F
0-2: Strikes out swinging
Bottom of the 6th over - 0 run(s), 0 hit(s), 0 error(s), 0 left on base; Naperville 6 - Sioux Falls 1
TOP OF THE 7TH
Naperville Battlekings batting - Pitching for Sioux Falls Red Pandas : LHP Vincent Bannon
Batting: LHB Stanley Belote 0-0: Foul Ball, location: 2F
0-1: Foul Ball, location: 2F
0-2: Ball
1-2: Ball
2-2: Fly out, F4 (Popup, 34D)
Batting: SHB Lupo Cotto 0-0: Ball
1-0: SINGLE (Line Drive, 7S)
Batting: RHB Jorge Baker 0-0: Called Strike
0-1: Foul Ball, location: 2F
0-2: Foul Ball, location: 2F
0-2: Strikes out swinging
Lupo Cotto steals 2nd base
Batter strikes out.
Batting: LHB Naohiro Sakai 0-0: Ground out 4-3 (Groundball, 4)
Top of the 7th over - 0 run(s), 1 hit(s), 0 error(s), 1 left on base; Naperville 6 - Sioux Falls 1
BOTTOM OF THE 7TH
Sioux Falls Red Pandas batting - Pitching for Naperville Battlekings : RHP Eric Newell
Batting: RHB Carlos Ortega 0-0: Ball
1-0: Swinging Strike
1-1: Called Strike
1-2: Ball
2-2: Foul Ball, location: 2F
2-2: Ball
3-2: Strikes out swinging
Batting: LHB Magali Lenidas 0-0: Foul Ball, location: 2F
0-1: Fly out, F4 (Line Drive, 4MD)
Batting: RHB Takanibu Yokoyama 0-0: Ball
1-0: Ball
2-0: Fly out, F8 (Flyball, 78M)
Bottom of the 7th over - 0 run(s), 0 hit(s), 0 error(s), 0 left on base; Naperville 6 - Sioux Falls 1
TOP OF THE 8TH
Naperville Battlekings batting - Pitching for Sioux Falls Red Pandas : LHP Vincent Bannon
Batting: RHB António Guzmán 0-0: Foul Ball, location: 2F
0-1: Ball
1-1: SINGLE (Flyball, 7S)
Batting: RHB Jay Hood 0-0: Called Strike
0-1: Ball
1-1: Swinging Strike
1-2: Strikes out looking
Batting: RHB Álex Rodríguez 0-0: Called Strike
0-1: Foul Ball, location: 2F
0-2: Ball
1-2: Ground out 6-3 (Groundball, 6S)
António Guzmán to second
Pitching: RHP Shao-qi Phan
Batting: RHB Jimmy Dawson 0-0: Ball
1-0: Ball
2-0: Foul Ball, location: 2F
2-1: Ball
3-1: Swinging Strike
3-2: Strikes out swinging
Top of the 8th over - 0 run(s), 1 hit(s), 0 error(s), 1 left on base; Naperville 6 - Sioux Falls 1
BOTTOM OF THE 8TH
Sioux Falls Red Pandas batting - Pitching for Naperville Battlekings : RHP Eric Newell
Now at C: Pedro González
Now in RF: Daryl Lloyd
Batting: RHB Dong-po Tien 0-0: Ball
1-0: Foul Ball, location: 2F
1-1: Swinging Strike
1-2: Fly out, F8 (Flyball, 8LS)
Batting: SHB Carlos Schultz 0-0: Ball
1-0: Ball
2-0: Called Strike
2-1: Ball
3-1: Swinging Strike
3-2: Fly out, F7 (Flyball, 7LM)
Batting: LHB José Pacheco 0-0: Foul Ball, location: 2F
0-1: Foul Ball, location: 2F
0-2: Ball
1-2: Foul Ball, location: 2F
1-2: Ball
2-2: Fly out, F7 (Flyball, 78M)
Bottom of the 8th over - 0 run(s), 0 hit(s), 0 error(s), 0 left on base; Naperville 6 - Sioux Falls 1
TOP OF THE 9TH
Naperville Battlekings batting - Pitching for Sioux Falls Red Pandas : RHP Shao-qi Phan
Pitching: RHP Jim Unknown
Batting: LHB Ricardo Collazo 0-0: Ball
1-0: Called Strike
1-1: Ball
2-1: Ball
3-1: Base on Balls
Batting: LHB Stanley Belote 0-0: Swinging Strike
0-1: SINGLE (Groundball, 34) (infield hit)
Ricardo Collazo to second
Batting: SHB Lupo Cotto 0-0: Called Strike
0-1: Ball
1-1: Called Strike
1-2: Fly out, F8 (Flyball, 89S)
Batting: RHB Jorge Baker 0-0: Ball
1-0: Foul Ball, location: 2F
1-1: Foul Ball, location: 2F
1-2: Foul Ball, location: 2F
1-2: Grounds into double play, 5-4-3 (Groundball, 5)
Top of the 9th over - 0 run(s), 1 hit(s), 0 error(s), 1 left on base; Naperville 6 - Sioux Falls 1
BOTTOM OF THE 9TH
Sioux Falls Red Pandas batting - Pitching for Naperville Battlekings : RHP Eric Newell
Batting: LHB Armando Becerra 0-0: Ball
1-0: Fly out, F8 (Flyball, 8RM)
Batting: RHB Ralph McKnight 0-0: Swinging Strike
0-1: Foul Ball, location: 2F
0-2: Foul Ball, location: 2F
0-2: Strikes out swinging
Batting: RHB Gaston Waller 0-0: Ball
1-0: Foul Ball, location: 2F
1-1: Called Strike
1-2: Strikes out looking
Bottom of the 9th over - 0 run(s), 0 hit(s), 0 error(s), 0 left on base; Naperville 6 - Sioux Falls 1
Monday, March 20th, 2017 - OOTP Baseball 17.12 Build 75